 Dungeon Crawl Stone Soup version 0.31-a0-819-gf6de2f5ab6 (webtiles) character file.

Game seed: 15325912527243777344

109 qw the Shooter (level 4, -3/28 HPs)
             Began as a Gargoyle Hunter on Sept 23, 2023.
             Slain by a hobgoblin (4 damage)
             ... led by Robin
             ... on level 3 of the Dungeon.
             The game lasted 00:00:38 (1330 turns).

qw the Shooter (Gargoyle Hunter)                    Turns: 1330, Time: 00:00:39

Health: -3/28      AC:  8    Str: 14    XL:     4   Next: 90%
Magic:  4/4        EV: 10    Int: 10    God:
Gold:   101        SH:  0    Dex: 15    Spells: 3/3 levels left

rFire   . . .        Y - +0 shortbow (freeze)
rCold   . . .        (shield currently unavailable)
rNeg    + . .        b - +0 ring mail
rPois   inf          (no helmet)
rElec   +            (no cloak)
rCorr   .            (no gloves)
SInv    .            (no boots)
Will    .....        (no amulet)
Stlth   +            (no ring)
HPRegen 0.24/turn    (no ring)
MPRegen 0.09/turn

%: no passive effects
@: no status effects
A: sickness immunity, AC +3, negative energy resistance 1, electricity
resistance, torment resistance 1, petrification resistance
a: no special abilities


You were on level 3 of the Dungeon.
You visited 1 branch of the dungeon, and saw 3 of its levels.

You collected 101 gold pieces.


Innate Abilities, Weirdness & Mutations

You are immune to sickness and miasma.
Your stone body is resilient. (AC +3)
You are immune to poison.
You resist negative energy. (rN+)
You are resistant to electric shocks. (rElec)
You are resistant to unholy torment.
You are immune to petrification.


   Skills:
 - Level 3.0 Fighting
 + Level 5.6 Ranged Weapons
 - Level 1.0 Armour
 - Level 1.5 Dodging
 - Level 1.1 Stealth


You had 3 spell levels left.
You didn't know any spells.
Your spell library was empty.

Inventory:

Hand Weapons
 Y - a +0 shortbow of freezing (weapon)
Armour
 b - a +0 ring mail (worn)
 c - a +2 helmet
Jewellery
 a - an amulet of the acrobat

Dungeon Overview and Level Annotations

Branches:
Dungeon (3/15)

Altars:

Annotations:
D:3 Robin


Message History

Robin hits you but does no damage. The goblin barely misses you.
The goblin hits you with a +0 club. The hobgoblin hits you.
You shoot an arrow. The arrow barely misses Robin.
The hobgoblin hits you but does no damage.
The goblin hits you but does no damage. x2; Robin hits you with a +0 mace.
You shoot an arrow. The arrow closely misses Robin.
The goblin hits you but does no damage.
The hobgoblin hits you but does no damage.
Robin barely misses you. The goblin hits you with a +0 club.
You shoot an arrow. The arrow hits Robin.
The arrow freezes Robin.
Robin is heavily wounded.
The goblin no longer looks unusually strong.
The hobgoblin no longer looks unusually strong.
Robin barely misses you. The goblin hits you but does no damage.
The goblin misses you. The hobgoblin completely misses you.
You shoot an arrow.
The arrow hits Robin but does no damage.
Robin is heavily wounded.
The goblin no longer looks unusually strong.
Robin roars a battlecry!
The goblins go into a battle-frenzy!
The goblin hits you with a +0 club. The goblin hits you but does no damage.
The hobgoblin barely misses you. Robin hits you with a +0 mace.
The hobgoblin barely misses you. The goblin barely misses you.
The goblin hits you with a +0 club.
You shoot an arrow. The arrow hits Robin.
The arrow freezes Robin.
Robin is almost dead.
Robin hits you with a +0 mace. The goblin hits you but does no damage.
The hobgoblin hits you but does no damage.
The goblin hits you but does no damage.
You shoot an arrow.
The arrow hits Robin but does no damage.
Robin is almost dead.
The goblin closely misses you. The hobgoblin barely misses you.
Robin hits you with a +0 mace. The goblin hits you but does no damage.
You shoot an arrow.
The arrow hits Robin but does no damage.
Robin is severely wounded.
The goblin closely misses you. The hobgoblin hits you.
You die...

.########.........#.#
#..#....#.#.#
.########...........#
...........#...[#.###
#####..#.........#
#.|...#.##.######
#.#.#.####%.....#
#g#.#.####..###.#
#@#.#.......#
#.....ggg...####..###.#
######)##.#.# #......#
#) .# #.##.### #. . #.#
.# .. .. #.# # #. #.#
##.## .. #.###...##
#.##.....##


You could see Robin, a hobgoblin (strong) and 2 goblins.

Vanquished Creatures
  4 adders
  A worm (D:2)
  2 dart slugs
  7 ball pythons
  4 endoplasms (D:1)
  4 giant cockroaches
  7 goblins
  6 hobgoblins
  5 jackals (D:2)
  3 quokkas
  8 bats
  4 frilled lizards (D:1)
  2 kobolds (D:1)
  9 rats
66 creatures vanquished.

Notes
Turn   | Place    | Note
-------+----------+-------------------------------------------
     0 | D:1      | qw the Gargoyle Hunter began the quest for the Orb.
     0 | D:1      | Reached XP level 1. HP: 12/12 MP: 1/1
     0 | D:1      | 0 ||| qw: Version: 0.3-a-83-gcd0e7d8
     0 | D:1      | 0 ||| qw: Game counter: 1563
     0 | D:1      | 0 ||| qw: Melee chars always use a shield: true
     0 | D:1      | 0 ||| qw: God list: Okawaru
     0 | D:1      | 0 ||| qw: Allow faded altars: false
     0 | D:1      | 0 ||| qw: Do Orc after clearing Dungeon:15 true
     0 | D:1      | 0 ||| qw: Do second Lair branch before Depths: true
     0 | D:1      | 0 ||| qw: Lair rune preference: random
     0 | D:1      | 0 ||| qw: Goals: Normal
     0 | D:1      | 0 ||| PLANNING D:1-11
    54 | D:1      | Reached XP level 2. HP: 15/17 MP: 2/2
   311 | D:1      | Reached XP level 3. HP: 21/21 MP: 3/3
   433 | D:1      | Reached skill level 5 in Ranged Weapons
   805 | D:1      | 805 ||| READING scroll labelled CUMIRADIQO.
   806 | D:1      | 806 ||| READING scroll labelled VUSKIR REYTEODGH.
   807 | D:1      | 807 ||| READING scroll labelled ZUEGEPIGUMN.
   808 | D:1      | 808 ||| DRINKING 4 emerald potions.
   809 | D:1      | 809 ||| DRINKING 2 glowing golden potions.
   829 | D:1      | 829 ||| DROPPING scroll of butterflies.
   830 | D:1      | 830 ||| DROPPING potion of lignification.
   958 | D:2      | Reached skill level 3 in Fighting
   966 | D:2      | Reached XP level 4. HP: 28/28 MP: 4/4
  1019 | D:2      | Found a faded altar of an unknown god.
  1212 | D:2      | 1212 ||| UPGRADING to +0 ring mail.
  1222 | D:2      | 1222 ||| DROPPING +0 leather armour.
  1223 | D:2      | 1223 ||| READING scroll labelled KYGOPY FIUSA.
  1224 | D:2      | 1224 ||| READING scroll labelled WOOLLY YLEXT.
  1225 | D:2      | 1225 ||| DRINKING 2 orange potions.
  1226 | D:2      | 1226 ||| DROPPING potion of attraction.
  1259 | D:3      | Reached skill level 1 in Armour
  1295 | D:3      | Noticed Robin
  1306 | D:3      | HP: 4/28 [hobgoblin[Robin] (5)]
  1307 | D:3      | 1307 ||| DRINKING 3 potions of heal wounds.
  1315 | D:3      | HP: 6/28 [goblin/+0 club[Robin] (3)]
  1316 | D:3      | 1316 ||| DRINKING 2 potions of heal wounds.
  1321 | D:3      | HP: 5/28 [hobgoblin[Robin] (6)]
  1322 | D:3      | 1322 ||| DRINKING potion of heal wounds.
  1328 | D:3      | HP: 7/28 [Robin/+0 mace (2)]
  1329 | D:3      | HP: 1/28 [Robin/+0 mace (6)]
  1330 | D:3      | Slain by a hobgoblin

Levels and vault maps discovered:
D:1:      wander_arrival_abandoned_jail, layout_loops_cross, serial_aquarium,
          aquarium_bridge_square [aquarium_subvault_bridge,
          aquarium_subvault_window, aquarium_subvault_wall,
          aquarium_subvault_bridge], aquarium_bridge_long_joined
          [aquarium_subvault_bridge, aquarium_subvault_bridge,
          aquarium_subvault_bridge, aquarium_subvault_wall,
          aquarium_subvault_window, aquarium_subvault_bridge],
          aquarium_window_fake, aquarium_window_1, aquarium_window_1,
          aquarium_window_2, aquarium_view_2c, aquarium_view_2e
D:2:      layout_rooms, chequers_ecumenical_altar_simple_redux
D:3:      layout_loops_ring, uniq_robin

Skill      XL: |  1  2  3  4 |
---------------+-------------+-----
Ranged Weapons | 5 |  5.6
Fighting       | 3 |  3.0
Armour         | 1 |  1.0
Dodging        | |  1.5
Stealth        | |  1.1

Action                     |  1- 3 |  4- 6 || total
---------------------------+-------+-------++-------
   Fire: Shortbow          |    91 |    68 ||   159
    Use: Scroll            |     3 |     2 ||     5
         Potion            |     2 |     4 ||     6
 Armour: Leather armour    |    23 |       ||    23
         Ring mail         |       |    88 ||    88
  Dodge: Dodged            |    25 |    57 ||    82

Table legend:
 A = Non-vault XP
 B = Vault XP
 C = Vault XP percentage of total XP
 D = Non-vault monster count
 E = Vault monster count
 F = Vault count percentage of total count
                 A         B        C        D         E       F
            +---------+---------+-------+---------+---------+-------
      Total |     144 |      13 |   8.3 |      59 |       7 |  10.6
            +---------+---------+-------+---------+---------+-------
        D:1 |      52 |       0 |   0.0 |      34 |       0 |   0.0
        D:2 |      61 |       0 |   0.0 |      21 |       0 |   0.0
        D:3 |      31 |      13 |  29.5 |       4 |       7 |  63.6
            +---------+---------+-------+---------+---------+-------
